Map: Frostline LE

Players

Jumy (ForJumy)

  • Race: Protoss Protoss
  • League: Grandmaster
  • Spawn Location: 1:00

Serral - Winner!

  • Race: Zerg Zerg
  • League: Master
  • Spawn Location: 7:00

Event: HomeStory Cup XXVI

VOD

Have the link to the VOD?

Description

Time

  • Played on: Nov. 30, 2024, 2:59 p.m.
  • Length: 7:36

All games in this series

Show
View Real Time Build Order
Export as new Build Order

Jumy Protoss 

Build Orders: 1 Gate Expand, Oracle Opening 

Get SALT Encoding   

  12  0:00  Probe  
  13  0:12  Probe  
  14  0:17  Pylon  
  14  0:24  Probe  
  15  0:35  Assimilator  
  15  0:36  Probe  
  16  0:43  Gateway  
  16  0:44  Probe  
  17  0:52  Probe  
  18  1:03  Probe  
  19  1:15  Probe  
  20  1:22  Nexus  
  20  1:32  Cybernetics Core  
  20  1:35  Probe  
  21  1:41  Assimilator  
  21  1:47  Probe  
  21  1:50  Pylon  
  22  1:59  Probe  
  23  2:08  Adept  
  25  2:11  Stargate  
  25  2:14  Probe  
  26  2:21  Warp Gate  
  26  2:25  Probe  
  27  2:30  Probe  
  27  2:33  Probe  
  29  2:38  Adept, Probe  
  29  2:41  Probe  
  32  2:48  Probe  
  34  2:51  Void Ray  
  34  2:52  Probe  
  39  3:00  Probe  
  39  3:05  Gateway  
  40  3:06  Probe  
  40  3:12  Probe  
  42  3:13  Pylon  
  42  3:18  Probe  
  43  3:24  Probe  
  44  3:27  Adept  
  44  3:31  Oracle  
  44  3:33  Probe  
  50  3:37  Probe  
  51  3:48  Twilight Council  
  51  3:53  Nexus  
  51  3:57  Pylon  
  51  4:01  Probe  
  52  4:05  Probe  
  53  4:11  Robotics Facility  
  53  4:13  Gateway  
  53  4:14  Gateway  
  53  4:17  Charge  
  53  4:22  Gateway  
  53  4:29  Gateway  
  53  4:34  Gateway  
  53  4:38  Gateway  
  53  4:44  Pylon  
  53  4:46  Adept  
  53  4:47  Shield Battery  
  53  4:48  Warp Prism  
  53  4:51  Zealot  
  54  5:09  Zealot x3  
  60  5:17  Zealot  
  60  5:18  Pylon, Probe  
  59  5:27  Zealot x2  
  64  5:34  Zealot x2, Pylon  
  64  5:35  Zealot  
  65  5:57  Zealot x8  
  77  6:13  Zealot  
  77  6:17  Zealot x5  
  83  6:23  Zealot x2  
  65  6:33  Zealot x3  
  61  6:42  Zealot x3  
  59  6:47  Zealot x2  
  57  6:56  Sentry  
  57  6:57  Zealot x2  
  55  7:05  Zealot x3  
  57  7:14  Sentry x2  
  55  7:20  Zealot x3  
  59  7:28  Zealot x3  
Show
View Real Time Build Order
Export as new Build Order

Serral Zerg - Winner!

Build Orders: Hatch First 

Get SALT Encoding   

  12  0:00  Drone  
  13  0:08  Drone  
  14  0:17  Overlord  
  14  0:36  Drone  
  14  0:41  Hatchery  
  14  0:46  Drone  
  14  0:49  Drone  
  16  0:53  Drone  
  17  0:58  Drone  
  18  1:07  Extractor  
  17  1:12  Spawning Pool  
  17  1:15  Drone  
  17  1:19  Drone  
  18  1:30  Drone  
  19  1:41  Drone  
  20  1:52  Drone  
  20  1:54  Overlord  
  21  2:00  Queen x2  
  25  2:03  Zergling x2  
  25  2:05  Drone  
  27  2:13  Metabolic Boost  
  27  2:14  Drone x2  
  29  2:25  Drone x2  
  31  2:34  Hatchery  
  30  2:40  Drone x2  
  32  2:45  Overlord  
  32  2:49  Queen  
  34  2:52  Drone  
  35  2:58  Drone  
  36  3:06  Overlord  
  36  3:10  Drone x3, Queen  
  36  3:12  Drone  
  42  3:16  Drone  
  42  3:18  Drone  
  44  3:24  Drone  
  44  3:25  Queen  
  47  3:28  Spore Crawler  
  47  3:32  Overlord  
  46  3:34  Drone  
  47  3:42  Drone x4  
  47  3:44  Overlord  
  47  3:46  Overlord  
  51  3:52  Zergling x2  
  51  3:55  Zergling x2  
  53  3:57  Spore Crawler  
  53  4:02  Queen  
  54  4:04  Zergling x4  
  54  4:07  Drone x3  
  59  4:12  Drone  
  59  4:14  Drone  
  61  4:18  Drone x4  
  61  4:20  Drone  
  66  4:27  Overlord  
  66  4:29  Roach Warren, Overlord  
  66  4:30  Drone  
  66  4:39  Lair  
  66  4:42  Overlord  
  66  4:46  Drone x7  
  66  4:47  Drone  
  66  4:49  Drone x3  
  66  4:51  Drone  
  77  4:55  Drone x2  
  77  4:56  Extractor x2  
  77  4:57  Overlord  
  76  5:01  Zergling x6  
  76  5:04  Drone  
  76  5:05  Drone  
  80  5:07  Drone  
  80  5:09  Extractor  
  80  5:17  Drone x4  
  80  5:19  Overlord  
  80  5:20  Overlord  
  84  5:23  Hatchery  
  83  5:28  Overlord  
  83  5:31  Roach x3  
  83  5:34  Roach x2  
  92  5:39  Spire  
  92  5:40  Overlord, Extractor  
  92  5:41  Extractor  
  92  5:42  Roach x2  
  93  5:47  Queen  
  95  5:50  Roach x2  
  95  5:53  Roach x4  
  108  5:58  Zergling x2, Roach x3  
  115  6:05  Roach x4  
  123  6:14  Roach x5  
  122  6:20  Roach x2  
  118  6:26  Roach  
  118  6:27  Roach  
  118  6:32  Roach  
  105  6:35  Roach  
  105  6:39  Roach  
  98  6:43  Roach  
  93  6:47  Roach  
  93  6:50  Roach  
  93  6:53  Roach  
  91  6:54  Roach  
  91  6:59  Roach x2  
  94  7:04  Roach x3  
  94  7:08  Roach x2  
  102  7:11  Roach  
  102  7:12  Roach  
  102  7:15  Roach  
  108  7:17  Roach  
Tags
 
Add a new tag
Caveats
  • Supply blocks, unpowered buildings, or Contaminate may cause inaccurate times.
  • Supply counts are checked every 10 seconds.